 Dungeon Crawl Stone Soup version 0.22.1-2-g9c5b331383 (webtiles) character file.

259 Marnok the Slasher (level 5, -3/42 HPs)
             Began as a Demonspawn Chaos Knight on Dec 24, 2018.
             Slain by an ogre
             ... wielding a +0 giant club
              (22 damage)
             ... on level 4 of the Dungeon.
             The game lasted 00:12:19 (2139 turns).

Marnok the Slasher (Demonspawn Chaos Knight)        Turns: 2139, Time: 00:12:20

Health: -3/42      AC:  8    Str: 17      XL:     5   Next: 94%
Magic:  0/5        EV: 12    Int: 13 (14) God:    Xom [..*...]
Gold:   37         SH:  0    Dex: 11 (13) Spells: 4/4 levels left

rFire    . . .     SeeInvis .   a - +0 falchion (chaos)
rCold    . . .     Gourm    .   (no shield)
rNeg     . . .     Faith    .   b - +2 leather armour
rPois    .         Spirit   +   k - +0 helmet
rElec    .         Reflect  .   (no cloak)
rCorr    .         Harm     .   (no gloves)
MR       .....                  (no boots)
Stlth    +.........             (no amulet)
HPRegen  0.14/turn              (no ring)
MPRegen  0.09/turn              (no ring)

@: mighty, hasted, very quick
A: yellow scales 1, spiny 1, magic shield
a: Renounce Religion


You were on level 4 of the Dungeon.
You worshipped Xom.
You were a toy of Xom.
You were not hungry.

You visited 1 branch of the dungeon, and saw 4 of its levels.
You also visited: Sewer.

You collected 37 gold pieces.

Inventory:

Hand Weapons
 a - a +0 falchion of chaos (weapon)
 i - a +2 dagger of draining
Armour
 b - a +2 leather armour (worn)
 k - a +0 helmet (worn)
Scrolls
 f - 2 scrolls of remove curse
 h - a scroll of identify
Potions
 d - 2 potions of curing
 e - a potion of lignification {unknown}
 g - a potion of agility
 j - a potion of haste
 l - 2 potions of might
Comestibles
 c - 4 rations


   Skills:
 + Level 3.7 Fighting
 + Level 2.0(3.2) Short Blades
 + Level 3.9(4.2) Long Blades
 + Level 2.5 Armour
 + Level 2.5 Dodging
 + Level 0.7 Stealth


You had 4 spell levels left.
You didn't know any spells.
Your spell library was empty.

Dungeon Overview and Level Annotations

Branches:
Dungeon (4/15)
 Temple: D:4-7

Altars:
Dithmenos
Ru
Xom


Innate Abilities, Weirdness & Mutations

You are partially covered in yellow scales. (AC +2)
You are partially covered in sharp spines.
When hurt, damage is shared between your health and your magic reserves.


Message History

You hit the iguana but do no damage.
The iguana is almost dead.
The iguana blinks!
You kill the iguana!
A hound comes into view.
The hound barks!
You hit the ogre.
The ogre flickers and vanishes!
Deactivating autopickup; reactivate with Ctrl-A.
Something hits you but does no damage.
You hit something. You burn something. Something hits you!
You barely miss something.
You feel very mighty all of a sudden. Something hits you.
You hit something.
You freeze something. "Go forth and cause havoc, mortal!"
You feel yourself speed up. Something hits you!
* * * LOW HITPOINT WARNING * * *
You feel better. Something hits you!!
Ouch! That really hurt!
You die...

# #. # #.#####
..#......
........##
..^......
.......†######
.....[...h{@.#
.........###.#
####.###.# #.#
# #.# #.# #.#
#.# #.# #.#
#.# #.# #.#
#.#### ##....#


You could see a hound.

Vanquished Creatures
  An orc priest (D:3)
  An orc wizard (D:3)
  An iguana (D:4)
  Natasha (D:3)
  6 adders
  3 worms
  2 dart slugs
  3 leopard geckos (D:3)
  8 orcs (D:3)
  3 ball pythons
  7 giant cockroaches
  9 goblins
  2 hobgoblins
  2 jackals (Sewer)
  10 bats
  4 frilled lizards (Sewer)
  9 kobolds
  4 rats
  A plant (Sewer)
77 creatures vanquished.

Notes
Turn   | Place    | Note
-------+----------+-------------------------------------------
     0 | D:1      | Marnok the Demonspawn Chaos Knight began the quest for the
                  | Orb.
     0 | D:1      | Reached XP level 1. HP: 18/18 MP: 1/1
     9 | D:1      | XOM: silly message
   194 | D:1      | Gained mutation: When hurt, damage is shared between your
                  | health and your magic reserves. [demonic ancestry]
   194 | D:1      | Reached XP level 2. HP: 14/24 MP: 2/2
   324 | D:2      | Found a faded altar of an unknown god.
   338 | D:2      | HP: 1/24 [worm (9)]
   407 | D:1      | XOM: divination: detect creatures
   417 | D:2      | XOM: butterfly on damage
   421 | D:1      | Reached skill level 1 in Dodging
   580 | D:2      | Gained mutation: You are partially covered in yellow
                  | scales. (AC +2) [demonic ancestry]
   580 | D:2      | Reached XP level 3. HP: 27/29 MP: 1/3
   607 | D:2      | Found a blossoming altar of Fedhas.
   609 | D:2      | Found a sacrificial altar of Ru.
   609 | D:2      | Found a sparkling altar of Nemelex Xobeh.
   611 | D:2      | Found a hazy altar of Hepliaklqana.
   611 | D:2      | Found a shadowy altar of Dithmenos.
   611 | D:2      | Found a shimmering altar of Xom.
   807 | D:2      | XOM: divination: detect items
   865 | D:3      | Gained mutation: You are partially covered in sharp spines.
                  | [demonic ancestry]
   865 | D:3      | Reached XP level 4. HP: 31/35 MP: 4/4
   925 | D:3      | XOM: harmless Tmut miscast
   942 | D:3      | XOM: scenery: 2 doors open
   995 | D:3      | XOM: 4-stop teleportation journey
  1013 | D:3      | Noticed Natasha
  1025 | D:3      | Killed Natasha
  1025 | D:3      | Reached skill level 1 in Short Blades
  1041 | D:3      | XOM: scenery: 1 doors open
  1054 | D:3      | XOM: 5-stop teleportation journey
  1087 | D:3      | Found a glowing drain.
  1091 | Sewer    | Entered a sewer
  1310 | Sewer    | Reached XP level 5. HP: 40/41 MP: 5/5
  1339 | Sewer    | XOM: 6-stop teleportation journey
  1727 | D:3      | XOM: cloud trail
  2126 | D:4      | Noticed an ogre
  2138 | D:4      | XOM: potion effect (haste)
  2139 | D:4      | Slain by an ogre

Skill      XL: |  1  2  3  4  5 |
---------------+----------------+-----
Armour         | 2 |  2.5
Long Blades    | 3 |  3.9
Dodging        | 1 2 |  2.5
Short Blades   | 1 2 |  2.0
Fighting       | |  3.7
Stealth        | |  0.7

Action                   |  1- 3 |  4- 6 || total
-------------------------+-------+-------++-------
Melee: Falchion          |    58 |    93 ||   151
       Dagger            |    61 |    88 ||   149
  Use: Potion            |     3 |     6 ||     9
       Scroll            |       |     8 ||     8
  Eat: Chunk             |       |     4 ||     4
       Ration            |       |     1 ||     1
Armor: Leather armour    |    65 |    42 ||   107
Dodge: Dodged            |    99 |    38 ||   137
       Rpst.: Falchion   |    12 |     8 ||    20
